AoeStats
← dunpeal30

Nomad

508746532Analyzed
2v2 RM · 7d ago on Sep 23, 2026· 33m 58s· 4 players
Game mode
Random Map
Map size
176×176
Population
200
Speed
Normal
Resources
Standard
Victory
Conquest
Starting age
Dark Age
Ending age
Imperial Age
RankedLock teamsTeams togetherTeam positionsShared explorationLock speedFull tech treeHidden civsTurbo modeCheats
Victory
Defeat
🇩🇪 Persians · Germany
1245
+13
🇩🇪 Gurjaras · Germany
1190
+15
🇨🇴 Spanish · Colombia
1181
-14
🇨🇴 Persians · Colombia
1170
-14
cubdie
13:09 Feudal Age
14:18 Loom
17:09 Castle Age
chomisplate
4:03 Loom
12:58 Feudal Age
19:16 Castle Age
18:03 Double-Bit Axe
20:47 Bloodlines
22:43 Forging
29:09 Husbandry
29:14 Horse Collar
30:03 Gold Mining
32:02 Heavy Plow
33:38 Wheelbarrow
34:02 Gold Shaft Mining
34:19 Bow Saw
dunpeal30
12:50 Feudal Age
15:46 Fletching
19:17 Castle Age
17:02 Loom
19:59 Bodkin Arrow
19:51 Crossbowman
20:28 Fishing Lines
20:35 Horse Collar
20:42 Double-Bit Axe
24:36 Gillnets
26:05 Thumb Ring
26:01 Padded Archer Armor
28:44 Leather Archer Armor
30:29 Bloodlines
30:20 Husbandry
33:21 Imperial Age
34:14 Bracer
Stylomatenkind
13:26 Feudal Age
13:49 Fishing Lines
14:02 Loom
18:42 Castle Age
17:54 Gold Mining
18:22 Scale Barding Armor
19:35 Gillnets
19:43 Double-Bit Axe
21:21 Bloodlines
21:27 Forging
22:07 Husbandry
22:26 Bow Saw
25:13 Wheelbarrow
26:19 Chain Barding Armor
30:19 Horse Collar
31:27 Gold Shaft Mining
34:53 Imperial Age
32:28 Stone Mining
34:23 Iron Casting
Connection lost

Rejoining the realm…

Still unreachable

The connection could not be restored.

Session expired

The server has moved on; the page needs a fresh start.